 Dungeon Crawl Stone Soup version 0.31-a0-845-g9abc20d24f (webtiles) character file.

Game seed: 6863898885846305963

137 javelincjr the Changeling (level 5, -8/58 HPs)
             Began as a Demonspawn Shapeshifter on Oct 2, 2023.
             Was a Priest of Lugonu.
             Mangled by an ogre
             ... wielding a +0 giant club
              (24 damage)
             ... on level 4 of the Dungeon.
             The game lasted 00:11:23 (2517 turns).

javelincjr the Changeling (Demonspawn Shapeshifter) Turns: 2517, Time: 00:11:23

Health: -8/58      AC: 22    Str: 16    XL:     5   Next: 0%
Magic:  6/6        EV:  2    Int: 12    God:    Lugonu [***...]
Gold:   69         SH:  0    Dex: 12    Spells: 4/4 levels left

rFire   . . .        m - +0 war axe (elec)
rCold   . . .        (no shield)
rNeg    . . .        r - melded +0 chain mail
rPois   +            (helmet currently unavailable)
rElec   .            (cloak currently unavailable)
rCorr   .            (gloves currently unavailable)
SInv    .            (boots currently unavailable)
Will    .....        (no amulet)
Stlth   +            (no ring)
HPRegen 0.29/turn    (no ring)
MPRegen 0.10/turn

%: no passive effects
@: tree-form
A: stationary, stasis, torment immunity, boosted hp, rugged brown scales 2, foul
stench 1
a: Renounce Religion, Depart the Abyss, Banish


You were on level 4 of the Dungeon.
You worshipped Lugonu.
Lugonu was most pleased with you.
You were a tree.
You visited 1 branch of the dungeon, and saw 4 of its levels.

You collected 111 gold pieces.
You spent 42 gold pieces at shops.

Inventory:

Hand Weapons
 m - a +0 war axe of electrocution (weapon)
Missiles
 l - 10 poisoned darts
 n - 6 boomerangs
Armour
 a - a +0 animal skin
 r - a +0 chain mail (melded)
 w - a +0 plate armour
 x - a +1 helmet
Talismans
 c - a beast talisman
 d - a flux talisman
Scrolls
 f - a scroll of enchant armour {unknown}
 g - a scroll of silence {unknown}
 h - 2 scrolls of immolation
 j - a scroll of revelation {unknown}
 o - 2 scrolls of enchant weapon
Potions
 e - a potion of magic {unknown}
 i - a potion of heal wounds
 k - 2 potions of curing
 p - a potion of haste {unknown}
 q - a potion of brilliance {unknown}
 s - a potion of cancellation {unknown}
 t - 2 potions of attraction
 u - 2 potions of mutation {unknown}
 v - a potion of enlightenment {unknown}


   Skills:
 + Level 2.1 Fighting
 + Level 2.5 Dodging
 + Level 3.2 Unarmed Combat
 + Level 1.8 Invocations
 * Level 3.5 Shapeshifting


You had 4 spell levels left.
You didn't know any spells.
Your spell library contained the following spells:

 Spells                   Type           Power      Damage    Failure   Level
 Necrotise                Necr           0%         1d4       32%         1
 Ensorcelled Hibernation  Hex/Ice        0%         N/A       45%         2
 Passwall                 Tmut/Erth      0%         N/A       45%         2
 Scorch                   Fire           0%         2d5       45%         2
 Swiftness                Air            0%         N/A       69%         3
 Vampiric Draining        Necr           0%         2d6       69%         3
 Flame Wave               Conj/Fire      0%         2d4       97%         4
 Agony                    Necr           0%         N/A       100%        5
 Summon Cactus Giant      Summ           0%         N/A       100%        6


Dungeon Overview and Level Annotations

Branches:
Dungeon (4/15)             Temple (0/1) D:4

Altars:
Lugonu

Shops:
D:2 *   D:3 [   D:4 [


Innate Abilities, Weirdness & Mutations

You are a tree.
Your roots penetrate the ground, keeping you stationary.
You cannot be teleported.
You are immune to unholy pain and torment.
Your maximum health is greatly increased.
Your equipment is partially melded.
(You are mostly covered in rugged brown scales. (AC +2, +5% HP))
You may rarely emit foul miasma when damaged in melee.


Message History

You slash the adder!
The adder is severely wounded.
You barely miss the ball python.
The ball python bites you but does no damage.
The ball python grabs you. The ball python constricts you.
The adder bites you but does no damage. The ball python completely misses you.
The ball python constricts you. The adder bites you but does no damage.
You hit the ball python.
You kill the ball python!
Lugonu accepts your kill.
You barely miss the adder. The adder bites you but does no damage.
You slash the adder!
You kill the adder!
Lugonu accepts your kill.
You have reached level 5!
An ogre comes into view. It is wielding a +0 giant club.
The ogre shouts!
You see here 7 gold pieces.
The ogre hits you with a +0 giant club!
You slash the ogre!
The ogre is heavily wounded.
The ogre hits you with a +0 giant club!!
Ouch! That really hurt!
* * * LOW HITPOINT WARNING * * *
You are too injured to fight recklessly!
You are too injured to fight recklessly!
Your transformation has ended.
You turn into a tree.
Your +0 chain mail melds into your body.
Your roots penetrate the ground.
You closely miss the ogre.
The ogre is heavily wounded.
The ogre hits you with a +0 giant club!
* * * LOW HITPOINT WARNING * * *
You feel much better. The ogre hits you with a +0 giant club!
* * * LOW HITPOINT WARNING * * *
You hit the ogre but do no damage.
The ogre is heavily wounded.
The ogre hits you with a +0 giant club!!
You die...

# ####### ...
##..#.. #.#
##...#.#####
#.#.###....#......
#.# ..........##.#
#.# ##.....#.....#
#.###............#
#O##..#...#.......
#♣##.......†.....#
#.$...##..†##....+
#.....##...##....#
#................#
#........>.......#
#..................#
#..#....##...##....+
#..#....##...##....#
#..####.........###


You could see an ogre.

Vanquished Creatures
  An orc wizard (D:4)
  3 adders
  A dart slug (D:3)
  9 orcs
  10 ball pythons
  9 endoplasms
  5 giant cockroaches
  4 goblins
  7 hobgoblins
  2 bats
  6 frilled lizards
  8 kobolds
  8 rats
73 creatures vanquished.

Notes
Turn   | Place    | Note
-------+----------+-------------------------------------------
     0 | D:1      | javelincjr the Demonspawn Shapeshifter began the quest for
                  | the Orb.
     0 | D:1      | Reached XP level 1. HP: 15/15 MP: 1/1
   176 | D:1      | Found a faded altar of an unknown god.
   236 | D:1      | Prayed at the altar of an unknown god.
   236 | D:1      | Became a worshipper of Lugonu the Unformed
   236 | D:1      | Reached * piety under Lugonu
   240 | D:1      | Gained mutation: You may rarely emit foul miasma when
                  | damaged in melee. [demonic ancestry]
   240 | D:1      | Reached XP level 2. HP: 21/21 MP: 2/2
   989 | D:2      | Gained mutation: You are partially covered in rugged brown
                  | scales. (AC +1, +3% HP) [demonic ancestry]
   989 | D:2      | Reached XP level 3. HP: 17/26 MP: 3/3
  1092 | D:2      | Reached ** piety under Lugonu
  1271 | D:2      | Found Fatiorya's Assorted Antiques.
  1276 | D:2      | Bought a dark potion for 21 gold pieces
  1497 | D:2      | Bought a murky pink potion for 21 gold pieces
  1632 | D:3      | Found Tuede's Antique Armour Shop.
  1638 | D:3      | Reached skill level 1 in Invocations
  1754 | D:3      | Gained mutation: You are mostly covered in rugged brown
                  | scales. (AC +2, +5% HP) [demonic ancestry]
  1754 | D:3      | Reached XP level 4. HP: 27/34 MP: 4/4
  2345 | D:4      | Found Plog's Armour Shoppe.
  2491 | D:4      | Found a staircase to the Ecumenical Temple.
  2502 | D:4      | Reached *** piety under Lugonu
  2504 | D:4      | Reached XP level 5. HP: 39/39 MP: 6/6
  2511 | D:4      | Noticed an ogre
  2517 | D:4      | Mangled by an ogre

Illustrated notes

Levels and vault maps discovered:
D:1:      lordsloth_arrival_two_stooges, layout_loops_corners,
          nicolae_ecumenical_snake_handling, kennysheep_decorative_pillar,
          chequers_serial_rivers_micro_b
D:2:      layout_rooms, serial_shops, nicolae_shop_hallway_plus
D:3:      layout_rooms, serial_shops, nicolae_shop_waterfront,
          grunt_ministairs_6, kennysheep_generic_room_8
D:4:      layout_basic, mainiacjoe_overflow_big_doors,
          minmay_temple_entry_stoned_glass, serial_shops,
          nicolae_shop_temple_entry_statues_fountains

Skill      XL: |  1  2  3  4 |
---------------+-------------+-----
Dodging        | 2 |  2.5
Unarmed Combat | 3 |  3.2
Shapeshifting  | 3 |  3.5
Invocations    | 1 |  1.8
Fighting       | 2 |  2.1

Action                     |  1- 3 |  4- 6 || total
---------------------------+-------+-------++-------
  Melee: Unarmed           |   117 |       ||   117
         Punch             |     5 |     1 ||     6
         War axe           |    27 |    58 ||    85
    Use: Scroll            |     5 |       ||     5
         Potion            |       |     2 ||     2
 Armour: Animal skin       |    31 |       ||    31
         Chain mail        |    45 |    67 ||   112
         Skin              |       |     3 ||     3
  Dodge: Dodged            |    84 |    25 ||   109

Table legend: (Time is in decaauts)
 A = Elapsed time spent in this place.
 B = Non-inter-level travel time spent in this place.
 C = Inter-level travel time spent in this place.
 D = Time resting spent in this place.
 E = Time spent auto-exploring this place.
 F = Levels seen in this place.
 G = Mean time per level.
                   A        B        C        D        E       F      G
               +--------+--------+--------+--------+--------+-----+--------+
         Total |   2551 |   2439 |    112 |    115 |   1772 |   4 |  637.8 |
       Dungeon |   2551 |   2439 |    112 |    115 |   1772 |   4 |  637.8 |
               +--------+--------+--------+--------+--------+-----+--------+

Top non-repeatable levels by time:
     D:1: 981 daAuts
     D:3: 855 daAuts
     D:2: 528 daAuts
     D:4: 186 daAuts
